| TOP OF THE 1ST |
|
St. Pete Cardinals batting - Pitching for Dunedin Rangers : RHP Ron Darling
|
|
Pitching: RHP Ron Darling
|
|
|
Batting: RHB John Roberts
|
0-0: Called Strike 0-1: Called Strike 0-2: Ball 1-2: Ball 2-2: Fly out, F7 (Flyball, 78M, EV 85.6 MPH)
|
|
Batting: SHB Mickey Riley
|
0-0: Foul Ball, location: 2F 0-1: Ball 1-1: Ground out 3-1 (Groundball, 34, EV 88.8 MPH)
|
|
Batting: RHB Joe Scime
|
0-0: Swinging Strike 0-1: Fly out, F7 (Flyball, 78D, EV 95.0 MPH)
|
| Top of the 1st over - 0 runs, 0 hits, 0 errors, 0 left on base; St. Pete 0 - Dunedin 0 |
| BOTTOM OF THE 1ST |
|
Dunedin Rangers batting - Pitching for St. Pete Cardinals : LHP Hugo Torre
|
|
Pitching: LHP Hugo Torre
|
|
|
Batting: SHB Bryan Little
|
0-0: Ball 1-0: Fly out, F4 (Line Drive, 4, EV 65.6 MPH)
|
|
Batting: LHB Curt Ford
|
0-0: Fly out, F5 (Popup, 5S, EV 76.9 MPH)
|
|
Batting: LHB La Schelle Tarver
|
0-0: Ball 1-0: Called Strike 1-1: Ground out 6-3 (Groundball, 6, EV 102.5 MPH)
|
| Bottom of the 1st over - 0 runs, 0 hits, 0 errors, 0 left on base; St. Pete 0 - Dunedin 0 |
| TOP OF THE 2ND |
|
St. Pete Cardinals batting - Pitching for Dunedin Rangers : RHP Ron Darling
|
|
Batting: RHB Eric Hardgrave
|
0-0: Foul Ball, location: 2F 0-1: Ball 1-1: Ball 2-1: Called Strike 2-2: Hit by Pitch
|
|
Batting: LHB Richard Hazard
|
0-0: Ball 1-0: Ball 2-0: Called Strike 2-1: Called Strike 2-2: Foul Ball, location: 2F 2-2: Grounds into double play, 4-6-3 (Groundball, 4, EV 79.4 MPH)
|
|
Batting: RHB Victor Jimenez
|
0-0: Ball 1-0: Called Strike 1-1: Ball 2-1: Called Strike 2-2: Foul Ball, location: 2F 2-2: Ball 3-2: Foul Ball, location: 2F 3-2: Strikes out swinging
|
| Top of the 2nd over - 0 runs, 0 hits, 0 errors, 0 left on base; St. Pete 0 - Dunedin 0 |
| BOTTOM OF THE 2ND |
|
Dunedin Rangers batting - Pitching for St. Pete Cardinals : LHP Hugo Torre
|
|
Batting: RHB Glenn Wilson
|
0-0: Ground out 4-3 (Groundball, 4MD, EV 84.4 MPH)
|
|
Batting: RHB Bob Glendening
|
0-0: Ground out 4-3 (Groundball, 4M, EV 86.9 MPH)
|
|
Batting: LHB Ty Van Burkleo
|
0-0: Called Strike 0-1: Ball 1-1: Ball 2-1: Ground out 4-3 (Groundball, 4, EV 76.9 MPH)
|
| Bottom of the 2nd over - 0 runs, 0 hits, 0 errors, 0 left on base; St. Pete 0 - Dunedin 0 |
| TOP OF THE 3RD |
|
St. Pete Cardinals batting - Pitching for Dunedin Rangers : RHP Ron Darling
|
|
Batting: RHB Sal Agostinelli
|
0-0: Ball 1-0: Ground out 4-3 (Groundball, 4, EV 82.5 MPH)
|
|
Batting: RHB Omar Interiano
|
0-0: Called Strike 0-1: Called Strike 0-2: Fly out, F7 (Flyball, 78S, EV 86.9 MPH)
|
|
Batting: RHB Jose Mantilla
|
0-0: DOUBLE (Line Drive, 78D, EV 106.3 MPH)
|
|
Batting: RHB John Roberts
|
0-0: Ball 1-0: Called Strike 1-1: Ball 2-1: Fly out, F7 (Flyball, 7, EV 90.0 MPH)
|
| Top of the 3rd over - 0 runs, 1 hit, 0 errors, 1 left on base; St. Pete 0 - Dunedin 0 |
| BOTTOM OF THE 3RD |
|
Dunedin Rangers batting - Pitching for St. Pete Cardinals : LHP Hugo Torre
|
|
Batting: RHB Edgar Martinez
|
0-0: Called Strike 0-1: Ball 1-1: Ball 2-1: Called Strike 2-2: Ball 3-2: Foul Ball, location: 2F 3-2: SINGLE (Groundball, 25, EV 65.6 MPH) (infield hit)
|
|
Batting: RHB Gary Thurman
|
0-0: Called Strike 0-1: Swinging Strike 0-2: Foul Ball, location: 2F 0-2: Ball 1-2: Ball 2-2: Fly out, F7 (Flyball, 7D, EV 96.3 MPH)
|
|
Batting: RHB Ron Gant
|
0-0: Ball 1-0: Ball 2-0: Foul Ball, location: 2F 2-1: Swinging Strike 2-2: Fly out, F9 (Flyball, 9, EV 85.6 MPH)
|
|
Batting: SHB Bryan Little
|
0-0: Ball 1-0: Foul Ball, location: 2F 1-1: SINGLE (Groundball, 56S, EV 68.1 MPH) (infield hit) Edgar Martinez to second
|
|
Batting: LHB Curt Ford
|
0-0: Called Strike 0-1: Swinging Strike 0-2: Foul Ball, location: 2F 0-2: Ball 1-2: Ball 2-2: Fly out, F8 (Flyball, 78D, EV 91.3 MPH)
|
| Bottom of the 3rd over - 0 runs, 2 hits, 0 errors, 2 left on base; St. Pete 0 - Dunedin 0 |
| TOP OF THE 4TH |
|
St. Pete Cardinals batting - Pitching for Dunedin Rangers : RHP Ron Darling
|
|
Batting: SHB Mickey Riley
|
0-0: Ball 1-0: SINGLE (Groundball, 4MD, EV 95.0 MPH)
|
|
Batting: RHB Joe Scime
|
0-0: Swinging Strike 0-1: Foul Ball, location: 2F 0-2: Foul Ball, location: 2F 0-2: Ball 1-2: Foul Ball, location: 2F 1-2: Foul Ball, location: 2F 1-2: Strikes out swinging
|
|
Batting: RHB Eric Hardgrave
|
0-0: Foul Ball, location: 2F 0-1: Fly out, F8 (Flyball, 78D, EV 96.3 MPH)
|
|
Batting: LHB Richard Hazard
|
0-0: Foul Ball, location: 2F 0-1: Ground out U3 (Groundball, 3L, EV 82.5 MPH)
|
| Top of the 4th over - 0 runs, 1 hit, 0 errors, 1 left on base; St. Pete 0 - Dunedin 0 |
| BOTTOM OF THE 4TH |
|
Dunedin Rangers batting - Pitching for St. Pete Cardinals : LHP Hugo Torre
|
|
Batting: LHB La Schelle Tarver
|
0-0: Swinging Strike 0-1: Ball 1-1: Ball 2-1: Ball 3-1: Called Strike 3-2: Fly out, F9 (Flyball, 89D, EV 90.0 MPH)
|
|
Batting: RHB Glenn Wilson
|
0-0: Ball 1-0: Ground out 6-3 (Groundball, 6, EV 86.3 MPH)
|
|
Batting: RHB Bob Glendening
|
0-0: Called Strike 0-1: DOUBLE (Flyball, 78XD, EV 99.4 MPH)
|
|
Batting: LHB Ty Van Burkleo
|
0-0: Foul Ball, location: 2F 0-1: Ball 1-1: Ball 2-1: Ground out U3 (Groundball, 3, EV 85.0 MPH)
|
| Bottom of the 4th over - 0 runs, 1 hit, 0 errors, 1 left on base; St. Pete 0 - Dunedin 0 |
| TOP OF THE 5TH |
|
St. Pete Cardinals batting - Pitching for Dunedin Rangers : RHP Ron Darling
|
|
Batting: RHB Victor Jimenez
|
0-0: Ball 1-0: Called Strike 1-1: Ball 2-1: Foul Ball, location: 2F 2-2: Foul Ball, location: 2F 2-2: Ball 3-2: SINGLE (Groundball, 4MD, EV 96.9 MPH)
|
|
Batting: RHB Sal Agostinelli
|
0-0: Ball 1-0: Called Strike 1-1: Ball 2-1: Fly out, F8 (Flyball, 8LS, EV 97.5 MPH)
|
|
Batting: RHB Omar Interiano
|
0-0: Called Strike 0-1: Swinging Strike 0-2: Ball 1-2: Strikes out looking
|
|
Batting: RHB Jose Mantilla
|
0-0: Ball 1-0: Ball 2-0: Called Strike 2-1: Ball 3-1: Foul Ball, location: 2F 3-2: Foul Ball, location: 2F 3-2: Ground out 4-3 (Groundball, 4, EV 82.5 MPH)
|
| Top of the 5th over - 0 runs, 1 hit, 0 errors, 1 left on base; St. Pete 0 - Dunedin 0 |
| BOTTOM OF THE 5TH |
|
Dunedin Rangers batting - Pitching for St. Pete Cardinals : LHP Hugo Torre
|
|
Batting: RHB Edgar Martinez
|
0-0: Ball 1-0: Ball 2-0: Ball 3-0: Called Strike 3-1: Called Strike 3-2: Base on Balls
|
|
Batting: RHB Gary Thurman
|
0-0: Called Strike Edgar Martinez steals 2nd base 0-1: Ball 1-1: Ball 2-1: Ground out 5-3 (Groundball, 56, EV 107.5 MPH)
|
|
Batting: RHB Ron Gant
|
0-0: Ball 1-0: Swinging Strike 1-1: SINGLE (Line Drive, 8RS, EV 101.9 MPH) Edgar Martinez to third
|
|
Batting: SHB Bryan Little
|
0-0: Called Strike 0-1: Called Strike 0-2: Ball 1-2: Grounds into double play, 5-4-3 (Groundball, 5, EV 103.1 MPH)
|
| Bottom of the 5th over - 0 runs, 1 hit, 0 errors, 1 left on base; St. Pete 0 - Dunedin 0 |
| TOP OF THE 6TH |
|
St. Pete Cardinals batting - Pitching for Dunedin Rangers : RHP Ron Darling
|
|
Batting: RHB John Roberts
|
0-0: Ball 1-0: Ball 2-0: Ball 3-0: Base on Balls
|
|
Batting: SHB Mickey Riley
|
0-0: Ball 1-0: Fly out, F6 (Popup, 56, EV 76.9 MPH)
|
|
Batting: RHB Joe Scime
|
0-0: Called Strike John Roberts steals 2nd base (no throw) 0-1: Ground out 6-3 (Groundball, 6M, EV 88.8 MPH) John Roberts to third
|
|
Batting: RHB Eric Hardgrave
|
0-0: Ball 1-0: SINGLE (Groundball, 6MD, EV 103.1 MPH) John Roberts scores
|
|
Batting: LHB Richard Hazard
|
0-0: Ball 1-0: Foul Ball, location: 2F 1-1: Ball 2-1: Foul Ball, location: 2F 2-2: Fly out, F8 (Flyball, 8RS, EV 95.6 MPH)
|
| Top of the 6th over - 1 run, 1 hit, 0 errors, 1 left on base; St. Pete 1 - Dunedin 0 |
| BOTTOM OF THE 6TH |
|
Dunedin Rangers batting - Pitching for St. Pete Cardinals : LHP Hugo Torre
|
|
Batting: LHB Curt Ford
|
0-0: Ball 1-0: Ground out 4-3 (Groundball, 4D, EV 99.4 MPH)
|
|
Batting: LHB La Schelle Tarver
|
0-0: Ball 1-0: Foul Ball, location: 2F 1-1: Ground out 4-3 (Groundball, 4, EV 105.6 MPH)
|
|
Batting: RHB Glenn Wilson
|
0-0: SINGLE (Groundball, 56S, EV 71.3 MPH) (infield hit)
|
|
Batting: RHB Bob Glendening
|
0-0: Swinging Strike 0-1: SINGLE (Groundball, 4MD, EV 105.0 MPH) Glenn Wilson to second Runner from 2nd tries for 3rd, SAFE, no throw by CF
|
|
Batting: LHB Ty Van Burkleo
|
0-0: Ground out 4-3 (Groundball, 4, EV 81.9 MPH)
|
| Bottom of the 6th over - 0 runs, 2 hits, 0 errors, 2 left on base; St. Pete 1 - Dunedin 0 |
| TOP OF THE 7TH |
|
St. Pete Cardinals batting - Pitching for Dunedin Rangers : RHP Ron Darling
|
|
Batting: RHB Victor Jimenez
|
0-0: Called Strike 0-1: Ball 1-1: Called Strike 1-2: Foul Ball, location: 2F 1-2: Foul Ball, location: 2F 1-2: Ball 2-2: Strikes out swinging
|
|
Batting: RHB Sal Agostinelli
|
0-0: Called Strike 0-1: Ground out 5-3 (Groundball, 56, EV 100.0 MPH)
|
|
Batting: RHB Omar Interiano
|
0-0: Ball 1-0: Called Strike 1-1: Foul Ball, location: 2F 1-2: Ball 2-2: Ground out 4-3 (Groundball, 4, EV 88.1 MPH)
|
| Top of the 7th over - 0 runs, 0 hits, 0 errors, 0 left on base; St. Pete 1 - Dunedin 0 |
| BOTTOM OF THE 7TH |
|
Dunedin Rangers batting - Pitching for St. Pete Cardinals : LHP Hugo Torre
|
|
Batting: RHB Edgar Martinez
|
0-0: Foul Ball, location: 2F 0-1: Ground out 4-3 (Groundball, 4, EV 107.5 MPH)
|
|
Batting: RHB Gary Thurman
|
0-0: Ball 1-0: Foul Ball, location: 2F 1-1: Called Strike 1-2: Foul Ball, location: 2F 1-2: Ball 2-2: Fly out, F8 (Line Drive, 8LD, EV 88.8 MPH)
|
|
Batting: RHB Ron Gant
|
0-0: Ball 1-0: Called Strike 1-1: Ball 2-1: Ground out 5-3 (Groundball, 56S, EV 76.3 MPH)
|
| Bottom of the 7th over - 0 runs, 0 hits, 0 errors, 0 left on base; St. Pete 1 - Dunedin 0 |
| TOP OF THE 8TH |
|
St. Pete Cardinals batting - Pitching for Dunedin Rangers : RHP Ron Darling
|
|
Batting: RHB Jose Mantilla
|
0-0: Foul Ball, location: 2F 0-1: Ball 1-1: Foul Ball, location: 2F 1-2: Ground out 5-3 (Groundball, 5, EV 85.6 MPH)
|
|
Batting: RHB John Roberts
|
0-0: Ball 1-0: Foul Ball, location: 2F 1-1: Foul Ball, location: 2F 1-2: Ball 2-2: Foul Ball, location: 2F 2-2: Fly out, F8 (Line Drive, 8LM, EV 91.9 MPH)
|
|
Batting: SHB Mickey Riley
|
0-0: Called Strike 0-1: Called Strike 0-2: Ground out 6-3 (Groundball, 6, EV 78.1 MPH)
|
| Top of the 8th over - 0 runs, 0 hits, 0 errors, 0 left on base; St. Pete 1 - Dunedin 0 |
| BOTTOM OF THE 8TH |
|
Dunedin Rangers batting - Pitching for St. Pete Cardinals : LHP Hugo Torre
|
|
Batting: SHB Bryan Little
|
0-0: Ball 1-0: Called Strike 1-1: SINGLE (Groundball, 4MD, EV 95.6 MPH)
|
|
Batting: LHB Curt Ford
|
0-0: Ball 1-0: Foul Ball, location: 2F 1-1: Ball 2-1: Ball 3-1: Foul Ball, location: 2F 3-2: SINGLE (Groundball, 4D, EV 103.8 MPH) Bryan Little to second Runner from 2nd tries for 3rd, SAFE, no throw by RF
|
|
Batting: LHB La Schelle Tarver
|
0-0: Ball 1-0: Ball Curt Ford steals 2nd base 2-0: Foul Ball, location: 2F 2-1: Foul Ball, location: 2F 2-2: Foul Ball, location: 2F 2-2: Foul Ball, location: 2F 2-2: Ball 3-2: Fly out, F8 (Line Drive, 8RM, EV 98.8 MPH) Runner from 3rd tags up, SCORES, no throw by CF
|
|
Batting: RHB Glenn Wilson
|
0-0: Called Strike 0-1: Called Strike 0-2: DOUBLE (Line Drive, 9LM, EV 96.3 MPH) Curt Ford scores
|
|
Batting: RHB Bob Glendening
|
0-0: Intentional Walk
|
|
Batting: LHB Ty Van Burkleo
|
0-0: Swinging Strike 0-1: Ball 1-1: Ball 2-1: Swinging Strike 2-2: Strikes out looking
|
|
Pitching: RHP Alan Banes
|
|
|
Batting: RHB Edgar Martinez
|
0-0: Called Strike 0-1: Ball 1-1: Called Strike 1-2: Ball 2-2: Ball 3-2: Fly out, F7 (Flyball, 7, EV 91.9 MPH)
|
| Bottom of the 8th over - 2 runs, 3 hits, 0 errors, 2 left on base; St. Pete 1 - Dunedin 2 |
| TOP OF THE 9TH |
|
St. Pete Cardinals batting - Pitching for Dunedin Rangers : RHP Ron Darling
|
|
Pitching: LHP Ty Coleman
|
|
|
Now at 2B: Craig Goodin
|
|
|
Now at 3B: Danny Andrade
|
|
|
Batting: RHB Joe Scime
|
0-0: Ball 1-0: Ball 2-0: Ball 3-0: Called Strike 3-1: Base on Balls
|
|
Batting: RHB Eric Hardgrave
|
0-0: Called Strike 0-1: Foul Ball, location: 2F 0-2: Ball 1-2: Ball 2-2: Ball 3-2: Fly out, F6 (Popup, 15S, EV 85.6 MPH)
|
|
Pinch Hitting: RHB John Marquardt
|
0-0: Called Strike 0-1: Swinging Strike 0-2: Ball 1-2: Foul Ball, location: 2F 1-2: Foul Ball, location: 2F 1-2: Foul Ball, location: 2F 1-2: Ball 2-2: Ball 3-2: SINGLE (Line Drive, 4MD, EV 108.8 MPH) Joe Scime to second
|
|
Batting: RHB Victor Jimenez
|
0-0: Called Strike 0-1: Ball 1-1: Foul Ball, location: 2F 1-2: Ball 2-2: Foul Ball, location: 2F 2-2: Strikes out swinging
|
|
Batting: RHB Sal Agostinelli
|
0-0: Ball 1-0: Called Strike 1-1: Ball 2-1: Ball 3-1: Fly out, F8 (Flyball, 8LM, EV 95.6 MPH)
|
| Top of the 9th over - 0 runs, 1 hit, 0 errors, 2 left on base; St. Pete 1 - Dunedin 2 |
|